Map: Defender's Landing LE

Players

Zaki

  • Race: Terran Terran
  • League: Diamond
  • Spawn Location: 1:00

ApostleO

  • Race: Terran Terran
  • Spawn Location: 7:00

Omnivision

  • Race: Terran Terran

Jolley

  • Race: Terran Terran
  • League: Gold

VOD

https://youtu.be/xn8Dv71ClEA

Description

Reaper rushed

Time

  • Played on: July 11, 2017, 12:19 a.m.
  • Length: 3:11
Show
View Real Time Build Order
Export as new Build Order

Zaki Terran 

Build Orders:  

Get SALT Encoding   

  12  0:01  SCV  
  13  0:14  Supply Depot  
  13  0:37  Barracks  
  13  0:41  Barracks  
  13  0:47  Refinery  
  13  0:56  Refinery  
  13  1:00  SCV  
  14  1:12  SCV  
  15  1:24  SCV  
  16  1:26  Reaper  
  17  1:34  Reaper  
  18  1:47  Orbital Command  
  18  1:59  Reaper  
  19  2:06  Reaper  
  20  2:14  Factory  
  20  2:20  SCV  
  21  2:35  SCV  
  23  2:48  Supply Depot  
  23  2:54  Supply Depot  
Show
View Real Time Build Order
Export as new Build Order

ApostleO Terran 

Build Orders: Reaper Expand 

Get SALT Encoding   

  12  0:02  SCV  
  14  0:14  SCV  
  14  0:19  Supply Depot  
  14  0:26  SCV  
  15  0:40  SCV  
  16  0:42  Barracks  
  16  0:53  SCV  
  16  0:54  Refinery  
  17  1:05  SCV  
  18  1:17  SCV  
  19  1:32  Orbital Command  
  19  1:41  Command Center  
  19  1:45  Reaper  
  20  1:51  Refinery  
  20  2:01  Barracks  
  19  2:26  Barracks Reactor  
  18  2:37  Bunker  
Show
View Real Time Build Order
Export as new Build Order

Omnivision Terran 

Build Orders:  

Get SALT Encoding   

Show
View Real Time Build Order
Export as new Build Order

Jolley Terran 

Build Orders:  

Get SALT Encoding   

Tags
 
Add a new tag
Caveats
  • Supply blocks, unpowered buildings, or Contaminate may cause inaccurate times.
  • Supply counts are checked every 10 seconds.